 Dungeon Crawl Stone Soup version 0.30-a0-782-ge64f9170bb (webtiles) character file.

Game seed: 3950086248754491130

23 theswoord the Twirler (level 2, 0/22 HPs)
             Began as a Demonspawn Gladiator on Mar 13, 2023.
             Succumbed to an adder's poison
             ... on level 2 of the Dungeon.
             The game lasted 00:00:52 (883 turns).

theswoord the Twirler (Demonspawn Gladiator)         Turns: 883, Time: 00:00:53

Health: 0/22       AC:  5    Str: 14    XL:     2   Next: 75%
Magic:  2/2        EV: 12    Int:  9    God:
Gold:   45         SH:  4    Dex: 14    Spells: 1/1 levels left

rFire   . . .      SeeInvis .    a - +0 quarterstaff
rCold   . . .      Faith    .    (shield currently unavailable)
rNeg    . . .      Spirit   .    b - +0 leather armour
rPois   .          Reflect  .    c - +0 helmet
rElec   .          Harm     .    (no cloak)
rCorr   .          Rampage  .    g - +0 pair of gloves
Will    .....                    (no boots)
Stlth   +                        (no amulet)
HPRegen 0.23/turn                (no ring)
MPRegen 0.08/turn                (no ring)

@: lethally poisoned (0 -> -1)
A: condensation shield
a: no special abilities


You were on level 2 of the Dungeon.
You visited 1 branch of the dungeon, and saw 2 of its levels.

You collected 45 gold pieces.

Inventory:

Hand Weapons
 a - a +0 quarterstaff (weapon)
Missiles
 d - 3 throwing nets (quivered)
 e - a javelin
Armour
 b - a +0 leather armour (worn)
 c - a +0 helmet (worn)
 g - a +0 pair of gloves (worn)
 j - a +0 pair of gloves
Potions
 f - a potion of heal wounds {unknown}
 h - a potion of flight {unknown}
 i - a potion of attraction {unknown}
 k - 2 potions of might


   Skills:
 - Level 2.0 Fighting
 + Level 3.7 Staves
 - Level 1.7 Throwing
 - Level 2.6 Dodging


You had one spell level left.
You didn't know any spells.
Your spell library was empty.

Dungeon Overview and Level Annotations

Branches:
Dungeon (2/15)

Altars:

Shops:
D:1 (*


Innate Abilities, Weirdness & Mutations

A meltable shield of frost defends you. (SH +4)


Message History

The adder bites you but does no damage.
You barely miss the adder. The endoplasm freezes you.
You are frozen.
A hobgoblin comes into view.
The adder bites you.
You are poisoned.
The adder poisons you!
You closely miss the adder.
You feel sick. The adder barely misses you. The endoplasm freezes you.
You are frozen.
The adder bites you but does no damage.
You feel sick.
You feel sick.
You feel sick.
You feel sick.
You feel sick.
You are no longer poisoned.
You hit the hobgoblin but do no damage. The hobgoblin barely misses you.
The hobgoblin hits you but does no damage.
You hit the hobgoblin. The hobgoblin closely misses you.
You barely miss the hobgoblin.
The hobgoblin hits you but does no damage.
You hit the hobgoblin.
You kill the hobgoblin!
The adder bites you.
* * * LOW HITPOINT WARNING * * *
You are poisoned.
The adder poisons you!
You closely miss the adder.
You feel sick. The adder bites you but does no damage.
You hit the adder but do no damage.
You feel sick. The adder misses you.
You miss the adder.
You feel sick. The adder bites you.
* * * LOW HITPOINT WARNING * * *
The adder bites you but does no damage.
You barely miss the adder.
* * * LOW HITPOINT WARNING * * *
You feel sick. The adder barely misses you.
You thump the adder!
You kill the adder!
You die...

#.##.#<......#.#.#..##
#.##.#########.#.#.##
#.##.. .....#...#
#.####### #.....#
#.#...§§# ##.....#
#.###.#§# ##......#
#.....#§####.......#
############...#.....#
.......@†SgKg###.....#
###########J.# #.....#
#..# #.....# #S##
####### ......JSK#
.........# ....g....#
...$.....# .>.......#


You could see an endoplasm, a hobgoblin, a goblin, a ball python and a kobold.

Vanquished Creatures
  An adder (D:2)
  A ball python (D:1)
  4 endoplasms
  7 goblins (D:1)
  2 hobgoblins
  3 kobolds (D:1)
  A bat (D:1)
  2 frilled lizards (D:1)
21 creatures vanquished.

Notes
Turn   | Place    | Note
-------+----------+-------------------------------------------
     0 | D:1      | theswoord the Demonspawn Gladiator began the quest for the
                  | Orb.
     0 | D:1      | Reached XP level 1. HP: 16/16 MP: 1/1
    72 | D:1      | Found Lolazehosi's General Store.
   161 | D:1      | Reached skill level 3 in Staves
   232 | D:1      | Gained mutation: A meltable shield of frost defends you.
                  | (SH +4) [demonic ancestry]
   232 | D:1      | Reached XP level 2. HP: 22/22 MP: 2/2
   526 | D:1      | Found Ovinore's Antique Weapon Boutique.
   882 | D:2      | HP: 1/22 [poisoned by an adder]
   883 | D:2      | Succumbed to an adder's poison

Skill      XL: |  1 |
---------------+----+-----
Staves         | 3 |  3.7
Fighting       | |  2.0
Throwing       | |  1.7
Dodging        | |  2.6

Action                     || total
---------------------------++-------
  Melee: Quarterstaff      ||    58
    Use: Scroll            ||     2
 Armour: Leather armour    ||    25
  Dodge: Dodged            ||    40
  Block: Other             ||     7

Levels and vault maps discovered:
D:1:      beargit_arrival_greenhouse, layout_loops_ring, serial_shops, shop,
          nicolae_shop_window_shopping
D:2:      layout_basic, palyth_stone_intersect, minmay_pentomino_o2
